 Dungeon Sprint DCSS version 0.21.1-1-g345015f (webtiles) character file.

19534 Fang the Severer (level 12, -2/122 HPs)
             Began as a Minotaur Berserker on Apr 25, 2018.
             Was the Champion of Trog.
             Slain by a fire dragon (9 damage)
             ... in the Dungeon (Sprint V: "Ziggurat Sprint").
             The game lasted 00:05:24 (1185 turns).

Fang the Severer (Minotaur Berserker)               Turns: 1185, Time: 00:05:25

Health: -2/122     AC: 18    Str: 40    XL:     12   Next: 37%
Magic:  11/11      EV: 10    Int:  4    God:    Trog [******]
Gold:   0          SH: 25    Dex: 11    Spells: 11/11 levels left

rFire    + . .     SeeInvis .   a - +11 broad axe of Vamolopt {freeze, *Corrode rElec rF+ Str+8}
rCold    . . .     Gourm    .   k - +3 large shield
rNeg     . . .     Faith    .   j - +5 shadow dragon scales
rPois    .         Spirit   .   (helmet restricted)
rElec    +         Reflect  .   B - +1 cloak {MR+}
rCorr    .         Harm     .   (no gloves)
MR       +....     NoTele   +   (no boots)
Stlth    +++.......             (no amulet)
HPRegen  0.30/turn              H - ring of flight
MPRegen  0.12/turn              G - +6 ring of strength

@: lethally poisoned (-2 -> -31), corroded, berserk cooldown, slowed, very slow
A: retaliatory headbutt, horns 2
a: Berserk, Trog's Hand, Brothers in Arms, Burn Spellbooks, Renounce Religion,
Evoke Flight


You were in the Dungeon.
You worshipped Trog.
Trog was exalted by your worship.
You were very hungry.

You visited 1 branch

Inventory:

Hand Weapons
 a - the +11 broad axe of Vamolopt (weapon) {freeze, *Corrode rElec rF+ Str+8}
   (You took it off a merfolk in the Dungeon)

   It has been specially enchanted to freeze those struck by it, causing extra
   injury to most foes and up to half again as much damage against particularly
   susceptible opponents.
   It can also slow down cold-blooded creatures.
   It affects your strength (+8).
   It protects you from fire.
   It insulates you from electricity.
   It may corrode you when you take damage.
 m - a +5 demon trident
 C - a +3 halberd of venom
 E - a +4 trident of protection
Armour
 j - +5 shadow dragon scales (worn)
 k - a +3 large shield (worn)
 B - a +1 cloak of magic resistance (worn)
Jewellery
 G - a +6 ring of strength (right hand)
 H - a ring of flight (left hand)
Wands
 y - a wand of disintegration (7)
 z - a wand of iceblast (7)
Scrolls
 i - 4 scrolls of blinking
 n - 7 scrolls of fog
 o - a scroll of holy word
 p - 5 scrolls of identify
 q - 5 scrolls of remove curse
 r - 2 scrolls of fear
Potions
 d - 10 potions of curing
 e - 12 potions of heal wounds
 f - 10 potions of haste
 g - 7 potions of magic
 h - 3 potions of berserk rage
 s - 2 potions of brilliance
 t - 2 potions of invisibility
 u - 4 potions of resistance
 w - 5 potions of agility
 x - 7 potions of might
Miscellaneous
 b - a lamp of fire
 l - 2 sacks of spiders
 A - a lamp of fire
Comestibles
 c - 7 rations
 D - 6 chunks of flesh


   Skills:
 + Level 16.1 Fighting
 + Level 18.4(19.7) Axes
 + Level 13.2(17.3) Polearms
 + Level 11.0 Armour
 + Level 7.5 Dodging
 + Level 4.4 Stealth
 + Level 12.0 Shields


You had 11 spell levels left.
You didn't know any spells.

Dungeon Overview and Level Annotations

Branches:
Dungeon (1/1)

Altars:
Ashenzari
Cheibriados
Dithmenos
Elyvilon
Fedhas
Gozag
Hepliaklqana
Kikubaaqudgha
Makhleb
Nemelex Xobeh
Okawaru
Qazlal
Ru
Sif Muna
Trog
Uskayaw
Vehumet
Wu Jian
Xom
Yredelemnul
Zin
The Shining One
Beogh
Jiyva
Lugonu


Innate Abilities, Weirdness & Mutations

You reflexively headbutt those who attack you in melee.
You have a pair of horns on your head.


Message History

The eight-headed hydra bites you but does no damage.
The death drake bites you but does no damage.
The fire dragon barely misses you.
The fire dragon claws you but does no damage.
The fire dragon tramples you but does no damage.
You feel much better.
* * * LOW HITPOINT WARNING * * *
You feel very sick.
The steam dragon looks more healthy.
You block the death drake's attack. x3
You block the eight-headed hydra's attack.
The eight-headed hydra barely misses you.
The eight-headed hydra bites you.
* * * LOW HITPOINT WARNING * * *
The eight-headed hydra barely misses you. x2
The eight-headed hydra bites you but does no damage.
You block the eight-headed hydra's attack.
The eight-headed hydra bites you.
* * * LOW HITPOINT WARNING * * *
The fire dragon bites you!
You die...

▓...[.[...▓
▓..?[[[[..▓....[|...▓
▓.........▓...).....▓
▓.........▓.........▓
▓.........▓....†....▓
▓.D.......▓....†....▓
▓..DDD....▓.▓.....▓.▓
▓.▓DkDk.▓.▓....©....▓
▓...@kD...▓▓▓▓▓▓▓▓▓▓▓
▓▓▓▓▓▓▓▓▓▓▓


You could see a fire dragon, 2 death drakes, an eight-headed hydra, a swamp
dragon, a swamp drake, 2 steam dragons and 2 acid dragons.

Vanquished Creatures
  A lich (D)
  A yaktaur captain (D)
  3 hell hogs (D)
  2 dancing weapons (D)
  2 deep elf magi (D)
  2 cyclopes (D)
  2 yaktaurs (D)
  A guardian mummy (D)
  4 merfolk (D)
  2 slime creatures (D)
  A flying skull (D)
  A water elemental (D)
  2 fire elementals (D)
  A porcupine (D)
  An orc warrior (D)
  An eye of draining (D)
  A phantom (D)
  2 centaurs (D)
  A necrophage (D)
  An earth elemental (D)
  A wight (D)
  2 orc priests (D)
  2 jellies (D)
  An orc wizard (D)
  3 mummies (D)
  An adder zombie (D)
  4 orcs (D)
  A bat skeleton (D)
  3 jackals (D)
  4 fire vortices (D)
54 creatures vanquished.

Notes
Turn   | Place    | Note
-------+----------+-------------------------------------------
     0 | D        | Found the +6 Majin-Bo {vamp, Archmagi MP+6 Int+6}
     0 | D        | Found the +7 great mace "Firestarter" {inner flame, rF++}
     0 | D        | Fang the Minotaur Berserker began the quest for the Orb.
     0 | D        | Reached XP level 1. HP: 19/19 MP: 0/0
     3 | D        | Found a blossoming altar of Fedhas.
     5 | D        | Found a viscous altar of Jiyva.
     5 | D        | Found a hazy altar of Hepliaklqana.
     5 | D        | Found a transporter.
     5 | D        | Found an opulent altar of Gozag.
     5 | D        | Found an ancient bone altar of Kikubaaqudgha.
     5 | D        | Found a corrupted altar of Lugonu.
    11 | D        | Found a burning altar of Makhleb.
    12 | D        | Found a stormy altar of Qazlal.
    12 | D        | Found a sacrificial altar of Ru.
    12 | D        | Found an iron altar of Okawaru.
    12 | D        | Found a deep blue altar of Sif Muna.
    12 | D        | Found a sparkling altar of Nemelex Xobeh.
    12 | D        | Found a bloodstained altar of Trog.
    84 | D        | Entered arena 2.
    84 | D        | Noticed a jelly
    84 | D        | Noticed an eye of draining
    84 | D        | Found a transporter.
    86 | D        | Killed a jelly
    86 | D        | Reached skill level 5 in Fighting
    86 | D        | Reached skill level 5 in Axes
    86 | D        | Reached XP level 2. HP: 30/30 MP: 1/1
    86 | D        | Reached XP level 3. HP: 37/37 MP: 2/2
    88 | D        | Killed an eye of draining
    88 | D        | Reached skill level 7 in Axes
    88 | D        | Reached skill level 1 in Polearms
    88 | D        | Reached XP level 4. HP: 48/48 MP: 0/3
    94 | D        | Reached ** piety under Trog
   133 | D        | Entered arena 3.
   133 | D        | Noticed a slime creature
   133 | D        | Noticed a slime creature
   133 | D        | Found a transporter.
   138 | D        | Killed a slime creature
   138 | D        | Reached skill level 10 in Fighting
   138 | D        | Reached skill level 9 in Axes
   138 | D        | Reached skill level 5 in Armour
   138 | D        | Reached XP level 5. HP: 58/58 MP: 4/4
   138 | D        | Reached XP level 6. HP: 66/66 MP: 5/5
   140 | D        | Killed a slime creature
   140 | D        | Reached *** piety under Trog
   140 | D        | Reached skill level 10 in Axes
   140 | D        | Reached skill level 5 in Polearms
   140 | D        | Reached skill level 5 in Dodging
   141 | D        | Reached skill level 11 in Axes
   141 | D        | Reached skill level 1 in Shields
   141 | D        | Reached XP level 7. HP: 74/74 MP: 6/6
   182 | D        | Entered arena 4.
   182 | D        | Noticed a merfolk
   182 | D        | Noticed a merfolk
   182 | D        | Noticed a merfolk
   182 | D        | Noticed a merfolk
   182 | D        | Found a transporter.
   188 | D        | Killed a merfolk
   188 | D        | Reached skill level 1 in Stealth
   190 | D        | Killed a merfolk
   190 | D        | Reached **** piety under Trog
   193 | D        | Killed a merfolk
   193 | D        | Reached skill level 12 in Axes
   193 | D        | Reached XP level 8. HP: 85/85 MP: 7/7
   203 | D        | Killed a merfolk
   205 | D        | Got the +11 broad axe of Vamolopt {freeze, *Corrode rElec rF+ Str+8}
   241 | D        | Entered arena 5.
   241 | D        | Found a transporter.
   245 | D        | Reached ***** piety under Trog
   267 | D        | Entered arena 6.
   267 | D        | Found a transporter.
   274 | D        | Received a gift from Trog
   289 | D        | Entered arena 7.
   289 | D        | Noticed a deep elf mage
   289 | D        | Noticed a deep elf mage
   289 | D        | Noticed a glaive of flaming
   289 | D        | Noticed a glaive of venom
   290 | D        | Found a transporter.
   293 | D        | Killed a deep elf mage
   293 | D        | Reached skill level 13 in Axes
   293 | D        | Reached skill level 10 in Polearms
   293 | D        | Reached skill level 5 in Shields
   293 | D        | Reached XP level 9. HP: 93/93 MP: 8/8
   294 | D        | Killed a glaive of venom
   297 | D        | Noticed a sixfirhy
   302 | D        | Killed a glaive of flaming
   302 | D        | Reached skill level 14 in Axes
   307 | D        | Killed a deep elf mage
   307 | D        | Reached XP level 10. HP: 41/104 MP: 9/9
   565 | D        | Entered arena 8.
   565 | D        | Noticed a lich
   566 | D        | Found a transporter.
   569 | D        | Reached ****** piety under Trog
   582 | D        | Killed a lich
   582 | D        | Received a gift from Trog
   582 | D        | Reached skill level 15 in Fighting
   582 | D        | Reached skill level 16 in Axes
   582 | D        | Reached skill level 10 in Shields
   823 | D        | Entered arena 9.
   823 | D        | Noticed a yaktaur captain
   823 | D        | Noticed a cyclops
   823 | D        | Noticed a cyclops
   824 | D        | Found a transporter.
   831 | D        | Killed a cyclops
   831 | D        | Killed a cyclops
   831 | D        | Received a gift from Trog
   835 | D        | Killed a yaktaur captain
   835 | D        | Reached skill level 17 in Axes
   835 | D        | Reached skill level 10 in Armour
   835 | D        | Reached XP level 11. HP: 85/113 MP: 10/10
   871 | D        | Got the +10 battleaxe of the Doomed Warrior {vamp, +Blink MR+ Str-3 Dex+2}
  1031 | D        | Entered arena 10.
  1032 | D        | Found a transporter.
  1035 | D        | Received a gift from Trog
  1059 | D        | Received a gift from Trog
  1061 | D        | Got the ring "Tideul" {Wiz rF+ Str+2 Dex-4 Slay+2}
  1079 | D        | Entered arena 11.
  1079 | D        | Noticed a hell hog
  1079 | D        | Noticed a hell hog
  1079 | D        | Noticed a hell hog
  1081 | D        | Found a transporter.
  1083 | D        | Killed a hell hog
  1086 | D        | Killed a hell hog
  1086 | D        | Received a gift from Trog
  1086 | D        | Reached skill level 18 in Axes
  1088 | D        | Killed a hell hog
  1103 | D        | Received a gift from Trog
  1173 | D        | Entered arena 12.
  1173 | D        | Noticed a seven-headed hydra
  1173 | D        | Noticed a fire dragon
  1173 | D        | Noticed a swamp dragon
  1173 | D        | Noticed a death drake
  1177 | D        | Noticed a death drake
  1183 | D        | Reached XP level 12. HP: 54/122 MP: 11/11
  1184 | D        | HP: 6/122 [eight-headed hydra (3)]
  1185 | D        | Slain by a fire dragon

Skill      XL: |  1  2  3  4  5  6  7  8  9 10 11 |
---------------+----------------------------------+-----
Fighting       | 5 7 10 11 12 13 14 15 16 | 16.1
Axes           | 5 7 9 11 12 13 14 17 18 | 18.4
Armour         | 3 4 5 6 7 8 10 11 | 11.0
Dodging        | 3 4 5 6 7 |  7.5
Polearms       | 1 3 5 8 10 12 13 | 13.2
Shields        | 1 3 5 8 10 12 | 12.0
Stealth        | 1 2 3 4 |  4.4

Action                   |  1- 3 |  4- 6 |  7- 9 | 10-12 || total
-------------------------+-------+-------+-------+-------++-------
Melee: Demon trident     |     3 |     6 |    20 |       ||    29
       Headbutt          |       |     2 |     7 |    12 ||    21
       Broad axe         |       |       |    23 |    41 ||    64
Invok: Berserk           |     1 |     1 |     2 |     3 ||     7
       Burn Spellbooks   |       |     1 |       |     4 ||     5
  Use: Potion            |       |       |       |     3 ||     3
 Stab: Distracted        |       |       |       |     1 ||     1
  Eat: Chunk             |       |       |     1 |     5 ||     6
Armor: Shadow dragon sca |       |     1 |    11 |    36 ||    48
Dodge: Dodged            |       |     1 |     3 |    22 ||    26
Block: Large shield      |       |     5 |    29 |    54 ||    88
